 Dungeon Crawl Stone Soup version 0.32-a0-673-g3729bd50f8 (webtiles) character file.

Game seed: 9533607923693430363

14 ytrimaz the Magician (level 2, 0/21 HPs)
             Began as a Djinni Summoner on Mar 10, 2024.
             Slain by a quokka (2 damage)
             ... on level 1 of the Dungeon.
             The game lasted 00:00:44 (227 turns).

ytrimaz the Magician (Djinni Summoner)               Turns: 227, Time: 00:00:44

Health: 0/21       AC:  2    Str:  7    XL:     2   Next: 55%
Gold:   7          EV: 12    Int: 16    God:
                   SH:  0    Dex: 13

rFire   + + .        (no weapon)
rCold   x . .        (no shield)
rNeg    . . .        a - +0 robe
rPois   ∞            (no helmet)
rElec   .            (no cloak)
rCorr   .            (no gloves)
SInv    .            (boots unavailable)
Will    .....        (no amulet)
Stlth   ++           (no ring)
HPRegen 0.23/turn    (no ring)
MPRegen 0.00/turn

%: infuse magic (-1 HP)
@: flying
A: sickness immunity, fire resistance 2, cold vulnerability 1, float, innate
caster, HP casting, extra vitality 1
a: no special abilities


You were on level 1 of the Dungeon.
You visited 1 branch of the dungeon, and saw 1 of its levels.

You collected 7 gold pieces.


Innate Abilities, Weirdness & Mutations

You are immune to sickness and miasma.
You are immune to poison.
Your flesh is very heat resistant. (rF++)
You are vulnerable to cold. (rC-)
You float through the air rather than walking.
You learn spells naturally, not from books.
Your magical power is your life essence.
You have superior vitality. (+4 MHP)


   Skills:
 - Level 2.1 Dodging
 - Level 1.5 Stealth
 + Level 4.0 Spellcasting
 + Level 4.0 Conjurations
 + Level 4.0 Hexes
 + Level 4.0 Summonings
 + Level 4.0 Necromancy
 + Level 4.0 Translocations
 + Level 4.0 Fire Magic
 + Level 4.0 Ice Magic
 + Level 4.0 Air Magic
 + Level 4.0 Earth Magic
 + Level 4.0 Alchemy


You knew the following spells:

 Your Spells              Type           Power      Damage    Failure   Level
a - Summon Small Mammal   Summ           64%        N/A       3%          1
b - Call Imp              Summ           32%        N/A       4%          2
c - Call Canine Familiar  Summ           16%        N/A       10%         3
d - Summon Blazeheart Go  Fire/Summ      16%        N/A       32%         4
e - Summon Lightning Spi  Summ/Air       16%        N/A       32%         4
Your spell library was empty.

Inventory:

Armour
 a - a +0 robe (worn)
Scrolls
 b - a scroll of blinking {unknown}
 c - 2 scrolls of identify {unknown}

Dungeon Overview and Level Annotations

Branches:
Dungeon (1/15) Zot: 5772

Altars:

......[# #........ ##.
$.... .... ....
.....##.## #....)######
#....r..# #######
#....rr.# ...g.#
#....@r.# ..#.#
#...#####
#...###.#.########
#...............#.
#######................
##.......######.>....#
...............).#####
##.....######....#
##...[........#..#


You could see 2 quokkas and 2 friendly rats.


Message History

Your Ice Magic skill increases to level 4!
Your Air Magic skill increases to level 4!
Your Earth Magic skill increases to level 4!
Your Alchemy skill increases to level 4! 😨 HP[-1]
You take 1 damage, and now have 8/21 hp.
Unknown command.
You now have 7 gold pieces.
You swap places. 😨 HP[+1]
Your rat disappears in a puff of smoke!
Your bat disappears in a puff of smoke!
Things that are here:
a +0 club; a +0 ring mail; a goblin corpse Key pressed, stopping explore.
b - a scroll labelled HODEYCUGHE 😎 HP[+12]
Your hp is fully restored (21).
c - a scroll labelled ZEXKEW BOOMNE
c - 2 scrolls labelled ZEXKEW BOOMNE (gained 1)
A rat comes into view.
A rat is nearby!
A rat is nearby!
A quokka and a kobold come into view.
The kobold shouts!
The rat squeaks loudly. 😕 HP[-1]
You take 1 damage, and now have 20/21 hp.
You swap places.
A quokka comes into view.
The quokka bites your bat.
Your bat dies!
Your bat's corpse disappears in a puff of smoke!
The quokka bites you. 😕 HP[-3]
You take 3 damage, and now have 17/21 hp.
Your quokka barely misses the rat.
The rat barely misses your quokka.
Your quokka bites the rat.
The rat dies!
The quokka bites you but does no damage.
You barely miss the quokka.
Your quokka barely misses the quokka.
The quokka bites you but does no damage.
The kobold hits your quokka with a +0 whip.
Your quokka closely misses the kobold.
You closely miss the quokka. You punch the quokka.
The quokka closely misses you. x2
Your quokka bites the kobold but does no damage.
The quokka completely misses you.
Your rat closely misses the quokka.
You closely miss the quokka. The quokka misses you.
Your quokka bites the kobold.
The kobold dies!
The quokka barely misses you.
Your rat closely misses the quokka.
You hit the quokka but do no damage. The quokka misses you. x2
Your rat barely misses the quokka. 😕 HP[+1] Unknown command.
Your quokka disappears in a puff of smoke!
The quokka misses you. The quokka closely misses you.
Your rat barely misses the quokka. 😕 HP[-1]
You take 1 damage, and now have 17/21 hp.
You hit the quokka. The quokka barely misses you. The quokka bites you.
The quokka closely misses you.
Your rat bites the quokka but does no damage.
Your rat barely misses the quokka. 😮 HP[-4]
You take 4 damage, and now have 13/21 hp.
You barely miss the quokka. The quokka bites you.
* * * LOW HITPOINT WARNING * * *
The quokka closely misses you. The quokka bites you.
* * * LOW HITPOINT WARNING * * *
Your rat barely misses the quokka. x2 😨 HP[-5]
You take 5 damage, and now have 8/21 hp.
MASSIVE DAMAGE!! (PAUSE) Unknown command.
The quokka attacks as it pursues you! The quokka closely misses you.
The quokka barely misses your rat.
Your rat bites the quokka but does no damage.
Your rat barely misses the quokka.
Your rat barely misses the quokka. 😨 HP[+1]
The quokka barely misses you. The quokka bites you.
* * * LOW HITPOINT WARNING * * *
Your rat misses the quokka. 😱 HP[-4]
You take 4 damage, and now have 5/21 hp.
The quokka barely misses you. The quokka attacks as it pursues you!
The quokka misses you.
Your rat completely misses the quokka.
Your rat closely misses the quokka.
You are too injured to fight recklessly!
Unknown command.
The quokka closely misses you. The quokka bites you.
* * * LOW HITPOINT WARNING * * *
The quokka closely misses you.
Your rat bites the quokka but does no damage.
Your rat closely misses the quokka. 😱 HP[-4]
You take 4 damage, and now have 1/21 hp.
The quokka bites you.
You die...

Skill      XL: |  1  2 |
---------------+-------+-----
Spellcasting   | 4 |  4.0
Conjurations   | 4 |  4.0
Hexes          | 4 |  4.0
Summonings     | 4 |  4.0
Necromancy     | 4 |  4.0
Translocations | 4 |  4.0
Fire Magic     | 4 |  4.0
Ice Magic      | 4 |  4.0
Air Magic      | 4 |  4.0
Earth Magic    | 4 |  4.0
Alchemy        | 4 |  4.0
Dodging        | |  2.1
Stealth        | |  1.5

Action                     || total
---------------------------++-------
  Melee: Unarmed           ||    15
         Punch             ||     1
   Cast: Summon Small Mamm ||    16
 Armour: Robe              ||    21
  Dodge: Dodged            ||    30

Levels and vault maps discovered:
D:1:      mrwooster_arrival_statue, layout_rooms

Notes
Turn   | Place    | Note
-------+----------+-------------------------------------------
     0 | D:1      | ytrimaz the Djinni Summoner began the quest for the Orb.
     0 | D:1      | ytrimaz set off with the following spells memorised: Summon
                  | Small Mammal, Call Imp, Call Canine Familiar, Summon
                  | Blazeheart Golem, Summon Lightning Spire.
     0 | D:1      | Reached XP level 1. HP: 15/15 MP: 0/0
     0 | D:1      | magus.rc [v1.9.6]
    71 | D:1      | HP: 2/15 [goblin/+0 club (1)]
    91 | D:1      | Reached XP level 2. HP: 5/21 MP: 0/0
    96 | D:1      | HP: 5/21 [rat (1)]
   125 | D:1      | Reached skill level 4 in Spellcasting
   125 | D:1      | Reached skill level 4 in Conjurations
   125 | D:1      | Reached skill level 4 in Hexes
   125 | D:1      | Reached skill level 4 in Summonings
   125 | D:1      | Reached skill level 4 in Necromancy
   125 | D:1      | Reached skill level 4 in Translocations
   125 | D:1      | Reached skill level 4 in Fire Magic
   125 | D:1      | Reached skill level 4 in Ice Magic
   125 | D:1      | Reached skill level 4 in Air Magic
   125 | D:1      | Reached skill level 4 in Earth Magic
   125 | D:1      | Reached skill level 4 in Alchemy
   224 | D:1      | HP: 5/21 [quokka (4)]
   226 | D:1      | HP: 1/21 [quokka (4)]
   227 | D:1      | Slain by a quokka

Vanquished Creatures
  A kobold (D:1)
1 creature vanquished.

Vanquished Creatures (collateral kills)
  A dart slug (D:1)
  A ball python (D:1)
  A bat (D:1)
  An endoplasm (D:1)
  A goblin (D:1)
  A hobgoblin (D:1)
  A kobold (D:1)
  3 rats (D:1)
10 creatures vanquished.

Grand Total: 11 creatures vanquished

Table legend:
 A = Non-vault XP
 B = Vault XP
 C = Vault XP percentage of total XP
 D = Non-vault monster count
 E = Vault monster count
 F = Vault count percentage of total count
                 A         B        C        D         E       F
            +---------+---------+-------+---------+---------+-------
      Total |      20 |       0 |   0.0 |      11 |       0 |   0.0
            +---------+---------+-------+---------+---------+-------
        D:1 |      20 |       0 |   0.0 |      11 |       0 |   0.0
            +---------+---------+-------+---------+---------+-------

Skill      XL: |  1  2 |
---------------+-------+-----
Spellcasting   | 4 |  4.0
Conjurations   | 4 |  4.0
Hexes          | 4 |  4.0
Summonings     | 4 |  4.0
Necromancy     | 4 |  4.0
Translocations | 4 |  4.0
Fire Magic     | 4 |  4.0
Ice Magic      | 4 |  4.0
Air Magic      | 4 |  4.0
Earth Magic    | 4 |  4.0
Alchemy        | 4 |  4.0
Dodging        | |  2.1
Stealth        | |  1.5

Action                     || total
---------------------------++-------
  Melee: Unarmed           ||    15
         Punch             ||     1
   Cast: Summon Small Mamm ||    16
 Armour: Robe              ||    21
  Dodge: Dodged            ||    30

Illustrated notes

Table legend:
 A = Kills in this place as a percentage of kills in the entire game.
 B = Kills by you in this place as a percentage of kills by you in the entire game.
 C = Kills by friends in this place as a percentage of kills by friends in the entire game.
 D = Other kills in this place as a percentage of other kills in the entire game.
 E = Experience gained in this place as a percentage of experience gained in the entire game.
 F = Experience gained in this place divided by the number of levels of this place that you have seen.
                   A       B       C       D       E      F
               +-------+-------+-------+-------+-------+----------------------
         Total | 100.0 | 100.0 | 100.0 |   N/A | 100.0 |  20.0
       Dungeon | 100.0 | 100.0 | 100.0 |   N/A | 100.0 |  20.0
               +-------+-------+-------+-------+-------+----------------------

Table legend: (Time is in decaauts)
 A = Elapsed time spent in this place.
 B = Non-inter-level travel time spent in this place.
 C = Inter-level travel time spent in this place.
 D = Time resting spent in this place.
 E = Time spent auto-exploring this place.
 F = Levels seen in this place.
 G = Mean time per level.
                   A        B        C        D        E       F      G
               +--------+--------+--------+--------+--------+-----+--------+
         Total |    227 |    227 |      0 |      0 |    118 |   1 |  227.0 |
       Dungeon |    227 |    227 |      0 |      0 |    118 |   1 |  227.0 |
               +--------+--------+--------+--------+--------+-----+--------+

Top non-repeatable levels by time:
     D:1: 227 daAuts
